 Dungeon Crawl Stone Soup version 0.17-a0-1646-geb1493d (webtiles) character file.

51 Gargoyl the Skirmisher (level 3, 0/34 HPs)
             Began as a Demonspawn Abyssal Knight on Aug 11, 2015.
             Was a Believer of Lugonu.
             Slain by Sigmund
             ... wielding a +4 scythe of protection
              (1 damage)
             ... on level 2 of the Dungeon.
             The game lasted 00:05:14 (2165 turns).

Gargoyl the Skirmisher (Demonspawn Abyssal Knight)  Turns: 2165, Time: 00:05:14

Health: 0/34       AC:  5    Str: 13      XL:     3   Next: 58%
Magic:  0/5        EV: 10    Int: 13      God:    Lugonu [**....]
Gold:   48         SH:  0    Dex: 11 (12) Spells: 0 memorised, 2 levels left

rFire  x . .     SeeInvis .     (weapon currently unavailable)
rCold  + + +     Clarity  .     (armour currently unavailable)
rNeg   . . .     SustAt   .     (shield currently unavailable)
rPois  +         Gourm    .     (helmet currently unavailable)
rElec  .         Spirit   +     (cloak currently unavailable)
rCorr  .         Warding  .     (gloves currently unavailable)
rMut   .         Stasis   .     (boots currently unavailable)
MR     .....                    (no amulet)
Stlth  +.........               (no ring)
                                (no ring)

@: ice-form, not resistant to hostile enchantments, very unstealthy
A: rugged brown scales 1, magic shield
a: Depart the Abyss, Bend Space, Renounce Religion


You were on level 2 of the Dungeon.
You worshipped Lugonu.
Lugonu was pleased with you.
You were not hungry.
You were a creature of crystalline ice.
You visited 1 branch of the dungeon, and saw 2 of its levels.
You visited the Abyss 1 time.

You collected 48 gold pieces.

Inventory:

Hand weapons
 a - a +1 hand axe
 h - a +2 dagger of venom (melded)
Armour
 b - a +0 leather armour (melded)
 j - a +1 cloak (melded)
Scrolls
 e - a scroll of enchant armour {unknown}
 f - 4 scrolls of remove curse {unknown}
 g - a scroll of random uselessness {unknown}
Comestibles
 c - a bread ration
 i - a slice of pizza


   Skills:
 + Level 3.5 Fighting
 + Level 1.9 Axes
 + Level 2.2 Armour
 + Level 1.5 Dodging
 + Level 3.3 Invocations


You had 2 spell levels left.
You didn't know any spells.

Dungeon Overview and Level Annotations

Branches:
Dungeon (2/15)

Altars:
Cheibriados

Annotations:
D:2 Sigmund


Innate Abilities, Weirdness & Mutations

(You are partially covered in rugged brown scales (AC +1, +3% HP).)
When hurt, damage is shared between your health and your magic reserves.


Message History

You hit the giant newt.
You kill the giant newt!
Lugonu accepts your kill.
You see here a giant newt corpse.
You butcher the giant newt corpse.
You see here a chunk of flesh.
Sigmund gestures wildly while chanting.
Sigmund flickers and vanishes!
You hit something but do no damage. Something hits you.
* * * LOW HITPOINT WARNING * * *
You hit something but do no damage.
You hear a zap.
You turn into a creature of crystalline ice.
Your +2 dagger of venom melds into your body.
Your +1 cloak melds into your body.
Your +0 leather armour melds into your body.
Your +2 dagger of venom stops dripping with poison.
Unknown command.
Something hits you.
You die...

#............### ..#. #.
##########......... ...#. #.
#...######..####### .... #.
####.†.......l.# #..# #>
.......###.##.## #..# #. ###.#.##
#)...# #..# #. #.#.# #._..##
######..# #. #.#.#
#...#{####.......# ## #.#.#
##.###.Y...####..#
###.#.#####..#.###### #..#
............#.##########..#####
###.#.#####.#.................###
#.#.# #..#############.#.....#
#.#.# #..# ######.#.###.# #.#.#
#..# .........# #.. ###...# #...
.#######.###)# ....### #..##
#...>.#


There were no monsters in sight!

Vanquished Creatures
  An adder (D:2)
  4 bats
  7 goblins
  4 hobgoblins
  4 giant geckos
  6 giant newts
  3 jackals (D:1)
  5 kobolds
  6 rats
  A fungus (D:1)
41 creatures vanquished.

Notes
Turn   | Place    | Note
--------------------------------------------------------------
     0 | Abyss:1  | Gargoyl the Demonspawn Abyssal Knight began the quest for the Orb.
     0 | Abyss:1  | Reached XP level 1. HP: 18/18 MP: 2/2
    30 | Abyss:1  | Noticed a raiju
    30 | Abyss:1  | Noticed a quasit
    57 | D:1      | Escaped the Abyss
   197 | D:1      | Acquired Lugonu's first power
   197 | D:1      | Reached skill level 1 in Dodging
   516 | D:1      | Gained mutation: You are partially covered in rugged brown scales (AC +1, +3% HP). [demonic ancestry]
   516 | D:1      | Reached XP level 2. HP: 18/24 MP: 4/4
  1587 | D:2      | Gained mutation: When hurt, damage is shared between your health and your magic reserves. [demonic ancestry]
  1587 | D:2      | Reached XP level 3. HP: 20/29 MP: 5/5
  1713 | D:2      | Found a snail-covered altar of Cheibriados.
  1883 | D:2      | Acquired Lugonu's second power
  2090 | D:2      | Noticed Sigmund
  2120 | D:2      | HP: 1/29 [something/puff of flame (6)]
  2163 | D:2      | HP: 1/29 [something (3)]
  2165 | D:2      | Slain by Sigmund

Vault maps used:
D:1:      dpeg_cavernosity, minmay_lizard_king
D:2:      cheibriados_altar_1, uniq_sigmund

Action                   || total
-------------------------++-------
Melee: Hand axe          ||    78
       Dagger            ||    40
Invok: Depart the Abyss  ||     1
       Bend Space        ||     1
  Use: Potion            ||     2
  Eat: Bread ration      ||     1
